 Dungeon Crawl Stone Soup version 0.31.0-10-gcf4a605ca0 (webtiles) character file.

Game seed: 3104532748819036684

3287 hawla the Mimic (level 9, -1/44 HPs)
             Began as a Felid Shapeshifter on Jan 25, 2024.
             Slain by a wolf (11 damage)
             ... led by Grum
             ... on level 7 of the Dungeon.
             The game lasted 00:15:32 (5939 turns).

hawla the Mimic (Felid Shapeshifter)                Turns: 5939, Time: 00:15:33

Health: -1/44      AC:  2    Str: 16    XL:     9   Next: 69%
Magic:  12/12      EV: 22    Int: 16    God:
Gold:   386        SH:  0    Dex: 14    Spells: 8/10 levels left
                                        Lives:  0   Deaths: 2

rFire   . .          .
                       - Unarmed
rCold   . . .        (shield unavailable)
rNeg    . . .        (body armour unavailable)
rPois   .            (helmet unavailable)
rElec   .            (cloak unavailable)
rCorr   .            (gloves unavailable)
SInv    +            (boots unavailable)
Will    ++...        h - amulet of regeneration
Stlth   +            j - ring of willpower
HPRegen 1.07/turn    r - ring of protection from fire
MPRegen 0.13/turn

%: no passive effects
@: flux-form, glowing
A: glow, contaminating, very small, claws 1, fangs 3, see invisible, shaggy fur
2, stealthy paws, no weapons or thrown items, no armour, multi-lived, strong 1,
heat vulnerability 1
a: Begin Untransformation


You were on level 7 of the Dungeon.
You were something dangerously unstable.
You visited 2 branches of the dungeon, and saw 9 of its levels.

You collected 386 gold pieces.

Inventory:

Jewellery
 d - an amulet of magic regeneration
 h - an amulet of regeneration (around neck)
 j - a ring of willpower (left paw)
 r - a ring of protection from fire (right paw)
Talismans
 b - a beast talisman
 c - a flux talisman (active)
Wands
 i - a wand of flame (15) (quivered)
 m - a wand of mindburst (1)
 u - a wand of charming (12)
Scrolls
 a - 2 scrolls of teleportation
 e - a scroll of enchant weapon {unknown}
 f - 2 scrolls of blinking {unknown}
 l - 2 scrolls of immolation {unknown}
 q - a scroll of fog {unknown}
 t - a scroll of amnesia {unknown}
Potions
 g - 2 potions of enlightenment
 k - a potion of cancellation
 o - a potion of magic


   Skills:
 - Level 3.0 Fighting
 - Level 5.0 Dodging
 - Level 5.0 Unarmed Combat
 - Level 1.2 Spellcasting
 - Level 1.0 Hexes
 - Level 1.5 Translocations
 - Level 3.0 Invocations
 - Level 1.0 Evocations
 + Level 10.2 Shapeshifting


You had 8 spell levels left.
You knew the following spells:

 Your Spells              Type           Power      Damage    Failure   Level
a - Apportation           Tloc           10%        N/A       12%         1
b - Slow                  Hex            16%        N/A       16%         1

Your spell library contained the following spells:

 Spells                   Type           Power      Damage    Failure   Level
 Shock                    Conj/Air       0%         1d3       22%         1
 Jinxbite                 Hex            8%         N/A       22%         2
 Confusing Touch          Hex            4%         N/A       41%         3
 Sigil of Binding         Hex            4%         N/A       41%         3
 Call Canine Familiar     Summ           0%         N/A       56%         3
 Swiftness                Air            0%         N/A       56%         3
 Vampiric Draining        Necr           0%         2d6       56%         3
 Airstrike                Air            0%         2d(0-16)  92%         4
 Alistair's Intoxication  Alch           0%         N/A       99%         5
 Dimensional Bullseye     Hex/Tloc       Unusable   N/A       N/A         4

Dungeon Overview and Level Annotations

Branches:
Dungeon (8/15)             Temple (1/1) D:4
   Lair: D:8-11

Altars:
Ashenzari
Cheibriados
Elyvilon
Fedhas
Gozag
Kikubaaqudgha
Nemelex Xobeh
Okawaru
Qazlal
Ru
Sif Muna
Trog
Uskayaw
Vehumet
Yredelemnul
Zin
The Shining One

Annotations:
D:8 Grum


Innate Abilities, Weirdness & Mutations

You are something dangerously unstable.
You glow with magical radiation, making you easy to see and hit.
Foes you strike become dangerously contaminated with magical radiation.
You have sharp claws.
You have razor-sharp teeth.
You have supernaturally acute eyesight. (SInv)
You are covered in thick fur. (AC +2)
Your paws help you pounce on unaware monsters.
You are incapable of wielding weapons or throwing items.
You cannot wear armour.
You gain extra lives every three experience levels.
Your muscles are strong. (Str +4, Int/Dex -1)
You are vulnerable to heat. (rF-)


Message History

A wolf comes into view.
A wolf comes into view.
Found 4 stones.
The wolf howls! x2
Grum the Hunter comes into view.
He is wielding a +0 spear of venom.
Grum growls angrily.
You hear a howl!
A wolf comes into view.
An acid dragon comes into view.
Okay, then.
The wolf barely misses you. The wolf misses you.
The wolf attacks as it pursues you! The wolf completely misses you.
The wolf bites you!
You see here a potion of resistance.
The wolf attacks as it pursues you! The wolf barely misses you.
The wolf bites you but does no damage.
A wolf comes into view.
You see here a +0 dagger.
Found 7 gold pieces and a scroll labelled QOBULI TIVVORETAM.
The wolf attacks as it pursues you! The wolf barely misses you.
The wolf attacks as it pursues you! The wolf barely misses you.
The wolf completely misses you. x2
The wolf completely misses you.
The wolf howls!
You hear a howl!
The wolf completely misses you. The wolf attacks as it pursues you!
The wolf bites you. The wolf completely misses you. The wolf bites you!
There is a stone staircase leading up, spattered with blood here.
The wolf completely misses you. The wolf bites you!
The wolf completely misses you.
You climb upwards.
There is a stone staircase leading down here.
You scratch the wolf.
The wolf begins to glow.
The wolf is lightly wounded.
The wolf completely misses you. The wolf closely misses you. x2
You scratch the wolf.
The wolf glows dangerously bright.
The wolf is moderately wounded.
The wolf bites you!
* * * LOW HITPOINT WARNING * * *
The wolf closely misses you. The wolf bites you!
You die...

##.....##...##.##.#.###..#.##.#
.......####..............#.#..#
.##....# #...............#...##
....######.#........###......#
.########..#....##### #......#
..#............## #..###.#
................### #..# ###
....###########...## #..# #...#
##..ph.## #..# #...# #...(h..#
#..# #..## #.......# #..#
##.##########.....).# #.##
...................## #.#
##.#.#########.....####.###
#.#.###### #.......#.....#
#.#......###.......#.....#
##.######........†..#.....#


You could see 2 wolves.

Vanquished Creatures
  An ugly thing (D:7)
  A kobold demonologist (D:7)
  A troll (D:7)
  A slime creature (D:7)
  A wyvern (D:8)
  Eustachio (D:6)
  A steam dragon (D:8)
  Edmund (D:6)
  An acid dragon (D:7)
  2 water moccasins
  An ice beast (D:6)
  A phantom (D:6)
  A kobold brigand (D:6)
  2 gnoll sergeants
  4 scorpions
  4 killer bees (D:6)
  2 bombardier beetles
  4 orc priests
  A hound (D:6)
  A gnoll bouda (D:6)
  2 iguanas
  An orc wizard (D:6)
  15 gnolls
  3 adders
  A shadow imp (D:7)
  A white imp (D:8)
  3 ribbon worms
  3 dart slugs
  19 orcs
  5 bats
  8 endoplasms
  2 giant cockroaches
  5 goblins
  4 hobgoblins (D:1)
  6 jackals
  6 quokkas
  9 ball pythons
  4 frilled lizards
  10 kobolds
  6 rats
145 creatures vanquished.

Notes
Turn   | Place    | Note
-------+----------+-------------------------------------------
     0 | D:1      | hawla the Felid Shapeshifter began the quest for the Orb.
     0 | D:1      | Reached XP level 1. HP: 10/10 MP: 2/2
   113 | D:1      | Reached XP level 2. HP: 13/14 MP: 3/3
   137 | D:1      | Reached skill level 1 in Translocations
   422 | D:1      | Reached XP level 3. HP: 18/18 MP: 5/5
   424 | D:1      | Learned a level 1 spell: Apportation
   718 | D:1      | Reached skill level 1 in Spellcasting
  1188 | D:2      | Identified the +0 robe of the Forest {Str+3}
  1327 | D:2      | Identified the +5 mace of Dust {flame, Will+}
  1884 | D:3      | You fall into a shaft and drop 3 floors!
  1892 | D:6      | Noticed a scorpion
  1906 | D:6      | Killed a scorpion
  1907 | D:6      | Reached skill level 3 in Shapeshifting
  1907 | D:6      | Reached XP level 4. HP: 10/23 MP: 6/6
  1907 | D:6      | Gained a life (2 lives remaining)
  1925 | D:6      | Reached XP level 5. HP: 24/26 MP: 7/7
  2019 | D:6      | Reached skill level 4 in Shapeshifting
  2028 | D:6      | Noticed Edmund
  2031 | D:6      | Noticed a phantom
  2032 | D:6      | Gained mutation: You are covered in thick fur. (AC +2)
                  | [Felid growth]
  2032 | D:6      | Reached XP level 6. HP: 9/30 MP: 8/8
  2049 | D:6      | Killed Edmund
  2050 | D:6      | Reached skill level 5 in Shapeshifting
  2054 | D:6      | Reached XP level 7. HP: 29/35 MP: 9/9
  2108 | D:6      | Reached skill level 6 in Shapeshifting
  2287 | D:6      | Noticed Eustachio
  2311 | D:5      | Entered Level 5 of the Dungeon
  2462 | D:4      | Noticed a +0 short sword
  2462 | D:4      | Noticed a +0 dagger
  2462 | D:4      | Noticed a +0 spear
  2463 | D:4      | Noticed a +0 dagger
  2463 | D:4      | Noticed a +0 short sword
  2463 | D:4      | Noticed a +0 falchion
  2464 | D:4      | Noticed a +0 spear
  2464 | D:4      | Noticed a +0 falchion
  2470 | D:4      | Found a hide-covered altar of Uskayaw.
  2831 | D:3      | Found a broken altar of Ashenzari.
  2922 | D:3      | Reached skill level 1 in Evocations
  2949 | D:3      | Found a faded altar of an unknown god.
  2993 | D:3      | Reached skill level 7 in Shapeshifting
  3603 | D:4      | Found a sparkling altar of Nemelex Xobeh.
  3603 | D:4      | Found a blossoming altar of Fedhas.
  3658 | D:4      | Found a staircase to the Ecumenical Temple.
  3670 | Temple   | Entered the Ecumenical Temple
  3904 | D:4      | Found an opulent altar of Gozag.
  3981 | D:5      | Reached XP level 8. HP: 32/39 MP: 10/10
  4167 | D:5      | Reached skill level 1 in Invocations
  4189 | D:5      | Found a sacrificial altar of Ru.
  4835 | D:6      | Killed Eustachio
  4836 | D:6      | Reached skill level 5 in Dodging
  4959 | D:7      | Reached skill level 5 in Unarmed Combat
  5101 | D:7      | Noticed a slime creature
  5108 | D:7      | Killed a slime creature
  5109 | D:7      | Reached skill level 8 in Shapeshifting
  5111 | D:7      | Noticed a troll
  5111 | D:7      | Noticed a kobold demonologist
  5116 | D:7      | HP: 2/40 [troll (7)]
  5117 | D:7      | Killed a troll
  5118 | D:7      | Reached XP level 9. HP: 3/44 MP: 12/12
  5130 | D:7      | Killed a kobold demonologist
  5172 | D:7      | Reached skill level 9 in Shapeshifting
  5488 | D:7      | Noticed a brown ugly thing
  5493 | D:7      | Splashed by a brown ugly thing's acid
  5493 | D:7      | Lost a life (1 life remaining)
  5498 | D:7      | Gained mutation: You are vulnerable to heat. (rF-) [potion
                  | of mutation]
  5498 | D:7      | Gained mutation: Your muscles are strong. (Str +4, Int/Dex
                  | -1) [potion of mutation]
  5567 | D:7      | Killed a white ugly thing
  5590 | D:7      | Learned a level 1 spell: Slow
  5728 | D:8      | Reached skill level 1 in Hexes
  5827 | D:8      | Reached skill level 10 in Shapeshifting
  5836 | D:8      | Succumbed to a gnoll sergeant's poison
  5836 | D:8      | Lost a life (0 lives remaining)
  5927 | D:8      | Noticed Grum
  5939 | D:7      | Slain by a wolf

Illustrated notes

Levels and vault maps discovered:
D:1:      dpeg_arrival_chambers_temple_mockup, layout_loops_ring,
          minmay_misc_feat_iff, amcnicky_mini_rare_corridor_liquid
D:2:      minmay_alternating_diamond, layout_basic
D:3:      layout_basic, mainiacjoe_overflow_chevrons,
          dreamdust_ecumenical_altar_statues, serial_aquarium,
          aquarium_bridge_straight [aquarium_subvault_bridge,
          aquarium_subvault_wall, aquarium_subvault_bridge,
          aquarium_subvault_balcony], aquarium_window_1, aquarium_window_corner,
          aquarium_window_fake, aquarium_view_2f, aquarium_balcony_3a,
          aquarium_pool_corner
D:4:      layout_loops_ring, lemuel_coloured_pillars_altar,
          nicolae_overflow_two_pavilions, nicolae_uskayaw_en_pointe, temple_hall
D:5:      layout_basic, nicolae_ru_the_path_less_chosen
D:6:      layout_basic, uniq_eustachio, uniq_edmund
D:7:      minmay_blocky_corners, layout_rooms,
          nicolae_concentric_dashed_squares_wild, lemuel_flamethrower_1
D:8:      layout_loops_ring, grunt_lair_entry_orc_guard_hut, uniq_grum
Temple:   chequers_temple_sunken

Skill      XL: |  1  2  3  4  5  6  7  8  9 |
---------------+----------------------------+-----
Dodging        | 3 4 5 |  5.0
Translocations | 1 |  1.5
Spellcasting   | 1 |  1.2
Fighting       | 2 3 |  3.0
Unarmed Combat | 4 5 |  5.0
Shapeshifting  | 3 4 5 7 8 10 | 10.2
Evocations     | 1 |  1.0
Invocations    | 3 |  3.0
Hexes          | 1 |  1.0

Action                     |  1- 3 |  4- 6 |  7- 9 || total
---------------------------+-------+-------+-------++-------
  Melee: Unarmed           |   117 |    70 |   315 ||   502
         Bite              |     9 |    10 |    42 ||    61
         Punch             |     1 |     3 |     3 ||     7
   Cast: Apportation       |     1 |       |       ||     1
  Evoke: Wand              |       |       |    16 ||    16
    Use: Scroll            |     4 |       |     5 ||     9
         Potion            |       |     6 |     6 ||    12
   Stab: Sleeping          |     2 |       |     1 ||     3
 Armour: Skin              |    29 |    53 |    91 ||   173
  Dodge: Dodged            |    95 |    31 |   266 ||   392
   Form: Flux              |       |       |     1 ||     1
